Map: Romanticide LE

Players

SourSpinach

  • Race: Protoss Protoss
  • Spawn Location: 5:00

tso - Winner!

  • Race: Zerg Zerg
  • League: Master
  • Spawn Location: 11:00

VOD

Have the link to the VOD?

Description

Time

  • Played on: Nov. 4, 2020, 10:15 p.m.
  • Length: 11:44
Show
View Real Time Build Order
Export as new Build Order

SourSpinach Protoss 

Build Orders: Archon Immortal, Mass Adepts 

Get SALT Encoding   

  12  0:00  Probe  
  13  0:12  Probe  
  14  0:18  Pylon  
  14  0:24  Probe (Chrono Boost)  
  15  0:36  Probe (Chrono Boost)  
  15  0:39  Gateway  
  16  0:44  Probe (Chrono Boost)  
  17  0:51  Probe  
  17  0:53  Assimilator  
  18  1:03  Probe (Chrono Boost)  
  19  1:08  Gateway  
  19  1:15  Probe (Chrono Boost)  
  20  1:22  Probe (Chrono Boost)  
  21  1:27  Cybernetics Core  
  21  1:29  Probe  
  22  1:35  Pylon  
  22  1:41  Probe  
  23  2:04  Adept x2  
  27  2:15  Nexus  
  27  2:18  Warp Gate  
  27  2:21  Probe (Chrono Boost)  
  28  2:29  Pylon  
  29  2:31  Probe (Chrono Boost)  
  29  2:36  Probe (Chrono Boost)  
  29  2:43  Twilight Council  
  30  2:46  Assimilator  
  30  2:48  Probe  
  31  2:53  Adept  
  33  3:05  Adept  
  33  3:07  Probe  
  36  3:16  Gateway  
  36  3:17  Pylon  
  37  3:20  Probe  
  37  3:32  Probe (Chrono Boost)  
  37  3:33  Resonating Glaives  
  35  3:35  Probe (Chrono Boost)  
  35  3:44  Probe (Chrono Boost)  
  35  3:47  Pylon, Probe (Chrono Boost)  
  37  3:49  Probe (Chrono Boost)  
  38  3:56  Probe  
  38  3:58  Probe  
  40  4:06  Sentry x2  
  40  4:08  Probe (Chrono Boost)  
  45  4:11  Gateway  
  45  4:13  Probe (Chrono Boost)  
  46  4:20  Pylon, Probe (Chrono Boost)  
  48  4:25  Adept  
  48  4:27  Probe x2 (Chrono Boost)  
  51  4:31  Adept  
  51  4:32  Adept  
  51  4:35  Probe  
  56  4:44  Nexus  
  56  4:47  Pylon  
  56  4:51  Adept  
  58  4:54  Adept  
  58  4:58  Adept  
  62  5:00  Probe x2  
  64  5:09  Adept  
  66  5:16  Adept x2  
  66  5:19  Robotics Facility  
  70  5:21  Robotics Facility  
  70  5:25  Zealot  
  72  5:31  Shield Battery  
  72  5:32  Probe  
  72  5:34  Charge  
  72  5:35  Forge  
  73  5:38  Zealot  
  75  5:43  Probe  
  75  5:44  Probe  
  77  5:56  Probe x2  
  67  6:08  Immortal x2 (Chrono Boost)  
  67  6:11  Zealot x3  
  77  6:12  Probe x2  
  77  6:23  Zealot  
  77  6:25  Probe x2  
  77  6:29  Protoss Ground Weapons Level 1 (Chrono Boost)  
  77  6:33  Gateway  
  77  6:34  Gateway  
  77  6:35  Assimilator  
  77  6:37  Assimilator  
  77  6:44  Zealot  
  77  6:45  Zealot x2  
  77  6:46  Zealot  
  85  6:52  Immortal (Chrono Boost)  
  89  7:05  Zealot x2  
  89  7:06  Zealot  
  95  7:12  Immortal (Chrono Boost), Probe x2  
  95  7:14  Pylon  
  101  7:15  Assimilator  
  101  7:17  Assimilator  
  101  7:24  Forge  
  101  7:26  Pylon  
  101  7:32  Probe (Chrono Boost)  
  101  7:34  Zealot x2, Probe (Chrono Boost), Observer (Chrono Boost)  
  109  7:41  Probe (Chrono Boost)  
  110  7:45  Photon Cannon  
  110  7:46  Warp Prism (Chrono Boost), Probe (Chrono Boost)  
  110  7:49  Probe (Chrono Boost)  
  113  7:53  Zealot, Protoss Ground Armor Level 1 (Chrono Boost)  
  115  7:58  Templar Archives  
  115  8:02  Probe x2  
  117  8:20  Nexus  
  117  8:22  Pylon  
  117  8:33  Pylon  
  117  8:40  Immortal x2  
  125  8:41  Shield Battery  
  125  8:48  Pylon  
  125  8:50  Gateway  
  125  8:51  Pylon  
  125  8:54  Photon Cannon  
  121  8:56  Shield Battery  
  121  8:58  Photon Cannon  
  93  9:17  High Templar x5  
  93  9:20  Photon Cannon  
  93  9:22  Archon x2  
  93  9:24  High Templar  
  93  9:26  Photon Cannon  
  93  9:29  Shield Battery  
  93  9:30  Probe x2  
  93  9:31  Archon  
  97  9:42  Blink (Chrono Boost)  
  89  9:47  Stalker  
  89  9:51  High Templar  
  89  9:52  Stalker x2, High Templar  
  91  9:55  Probe x2  
  91  9:56  Probe  
  94  10:00  High Templar  
  94  10:02  High Templar  
  94  10:06  Archon  
  98  10:09  Archon  
  98  10:12  Stalker  
  96  10:16  Stalker x2  
  96  10:24  Probe x2  
  96  10:25  Probe  
  96  10:28  Photon Cannon  
  99  10:30  Photon Cannon  
  99  10:37  Zealot  
  96  10:44  High Templar  
  96  10:45  Zealot, High Templar  
  96  10:49  Probe x3  
  103  10:50  Archon  
  100  10:57  Zealot  
  100  10:58  Zealot  
  100  11:03  Probe x3  
  106  11:12  Zealot x3  
  106  11:16  Observer  
  94  11:27  Zealot x3  
  77  11:33  Zealot x3  
Show
View Real Time Build Order
Export as new Build Order

tso Zerg - Winner!

Build Orders: Pool First, Muta Ling Bane 

Get SALT Encoding   

  12  0:00  Drone  
  13  0:12  Overlord  
  13  0:16  Drone  
  14  0:31  Drone x2  
  16  0:52  Spawning Pool  
  16  0:53  Drone x2  
  17  1:01  Extractor  
  16  1:12  Hatchery  
  16  1:16  Drone  
  16  1:21  Drone  
  16  1:22  Drone  
  18  1:36  Drone  
  19  1:41  Queen  
  19  1:44  Overlord  
  21  1:51  Zergling x2  
  22  2:03  Metabolic Boost  
  22  2:08  Zergling x2  
  23  2:13  Zergling x2  
  24  2:19  Queen  
  24  2:22  Zergling x2  
  27  2:28  Zergling x2  
  28  2:37  Zergling x2  
  28  2:38  Overlord  
  29  2:52  Drone x2  
  29  2:53  Hatchery  
  29  2:57  Drone x2  
  32  3:08  Drone x3  
  36  3:12  Drone  
  36  3:21  Drone x2  
  38  3:30  Overlord  
  38  3:31  Drone  
  36  3:37  Drone x3  
  36  3:39  Queen  
  41  3:48  Overlord  
  41  3:51  Drone x3  
  44  4:01  Overlord  
  44  4:02  Drone  
  45  4:05  Lair  
  45  4:09  Drone  
  47  4:10  Drone  
  47  4:11  Drone  
  47  4:13  Drone x2  
  47  4:15  Overlord  
  50  4:25  Extractor  
  50  4:26  Extractor, Drone x3  
  50  4:27  Roach Warren  
  50  4:29  Drone  
  51  4:33  Drone  
  51  4:37  Drone  
  52  4:38  Overlord  
  52  4:41  Overlord  
  52  4:43  Queen  
  54  4:54  Drone  
  54  4:55  Drone x3  
  54  4:58  Overlord  
  58  5:09  Roach x5  
  58  5:13  Drone x3  
  71  5:16  Roach x2  
  71  5:17  Glial Reconstitution  
  75  5:23  Roach x2  
  75  5:25  Zergling x2  
  75  5:26  Roach  
  82  5:32  Queen  
  82  5:34  Overlord  
  84  5:36  Roach  
  86  5:46  Roach x5  
  84  6:05  Drone x9  
  91  6:18  Drone x6  
  92  6:21  Extractor  
  89  6:25  Drone x4  
  93  6:33  Drone x3  
  93  6:34  Evolution Chamber  
  93  6:39  Extractor  
  94  6:41  Spire  
  94  6:42  Drone  
  94  6:45  Extractor  
  92  6:49  Drone x3  
  95  6:54  Overlord  
  95  7:02  Zerg Melee Weapons Level 1  
  95  7:05  Drone x2  
  95  7:06  Drone  
  95  7:07  Drone x3  
  95  7:08  Drone x4  
  105  7:12  Drone  
  105  7:14  Baneling Nest  
  105  7:16  Roach x2  
  109  7:27  Hatchery  
  108  7:31  Drone  
  108  7:32  Drone x3  
  108  7:33  Drone  
  108  7:34  Drone  
  114  7:37  Overlord  
  114  7:40  Overlord  
  114  7:48  Overlord x2  
  114  8:02  Mutalisk x6  
  114  8:04  Mutalisk  
  128  8:05  Mutalisk  
  128  8:08  Mutalisk  
  128  8:10  Mutalisk  
  133  8:14  Roach  
  133  8:17  Roach x2  
  133  8:18  Baneling x2  
  133  8:19  Baneling  
  139  8:23  Zergling x8  
  139  8:24  Overseer  
  139  8:27  Roach  
  145  8:33  Overlord x2  
  145  8:34  Overlord  
  145  8:43  Centrifical Hooks  
  145  9:00  Roach x13  
  168  9:21  Mutalisk x4  
  168  9:23  Overlord x6  
  175  9:27  Overlord x2  
  175  9:30  Overlord x2  
  173  9:45  Zergling x26  
  172  9:58  Zergling x12  
  172  9:59  Zergling x4  
  176  10:16  Zergling x28  
  188  10:24  Baneling x19  
  188  10:25  Baneling x2  
  186  10:57  Baneling x34  
  186  11:09  Ravager x2  
  188  11:13  Extractor  
  188  11:14  Extractor  
  188  11:15  Drone x2  
  188  11:16  Drone  
  175  11:27  Zergling x50  
Tags
 
Add a new tag
Caveats
  • Supply blocks, unpowered buildings, or Contaminate may cause inaccurate times.
  • Supply counts are checked every 10 seconds.